 Dungeon Crawl Stone Soup version 0.22.1-2-g9c5b331383 (webtiles) character file.

5862 Marnok the Cleaver (level 10, -11/79 HPs)
             Began as a Minotaur Fighter on Dec 7, 2018.
             Mangled by a death yak (19 damage)
             ... on level 8 of the Dungeon.
             The game lasted 00:41:16 (7187 turns).

Marnok the Cleaver (Minotaur Fighter)               Turns: 7187, Time: 00:41:17

Health: -11/79     AC: 26    Str: 29    XL:     10   Next: 52%
Magic:  9/9        EV:  8    Int:  5    God:
Gold:   257        SH: 13    Dex:  9    Spells: 9/9 levels left

rFire    . . .     SeeInvis .   C - +5 war axe (curse)
rCold    . . .     Gourm    +   c - +1 shield
rNeg     . . .     Faith    .   q - +8 chain mail "Nabout" {MR+}
rPois    .         Spirit   .   (helmet restricted)
rElec    .         Reflect  .   I - +1 cloak {+Inv}
rCorr    .         Harm     .   g - +0 pair of gloves
MR       +....                  b - +2 pair of boots {Stlth+}
Stlth    ..........             p - amulet of the gourmand
HPRegen  0.23/turn              n - +4 ring of strength
MPRegen  0.11/turn              t - ring of stealth

@: about to teleport
A: retaliatory headbutt, horns 2, frail 1, wild magic 1
a: Evoke Invisibility


You were on level 8 of the Dungeon.
You were not hungry.

You visited 1 branch of the dungeon, and saw 10 of its levels.
You also visited: Sewer.

You collected 397 gold pieces.
You spent 140 gold pieces at shops.

Inventory:

Hand Weapons
 h - a +2 dagger of electrocution
 l - a cursed -2 dagger
 s - a +3 battleaxe
 v - a +1 dagger of draining
 A - a +10 blowgun
 C - a cursed +5 war axe (weapon)
 H - a +3 quarterstaff of chaos
Armour
 b - a +2 pair of boots of stealth (worn)
 c - a +1 shield (worn)
 g - a +0 pair of gloves (worn)
 q - the +8 chain mail "Nabout" (worn) {MR+}
   (You found it on level 7 of the Dungeon)

   It affects your resistance to hostile enchantments.
 y - +2 ice dragon scales
 I - a +1 cloak of invisibility (worn)
Magical Staves
 w - an uncursed staff of wizardry {unknown}
 z - an uncursed staff of air {unknown}
Jewellery
 i - an uncursed ring of protection from fire {unknown}
 k - a +4 ring of dexterity {unknown}
 n - a +4 ring of strength (left hand)
 o - a +2 ring of intelligence {unknown}
 p - an amulet of the gourmand (around neck)
 t - a ring of stealth (right hand)
Wands
 d - a wand of polymorph (10)
 r - a wand of acid (12)
Scrolls
 a - 2 scrolls of identify
 e - 3 scrolls of teleportation
 j - a scroll of remove curse
 m - 2 scrolls of fear
Potions
 u - a potion of resistance {unknown}
 D - a potion of lignification {unknown}
 E - a potion of brilliance {unknown}
 G - 3 potions of curing
 J - a potion of might
Miscellaneous
 x - a lightning rod (4/4)
 B - a lightning rod (4/4)
Comestibles
 f - 11 rations


   Skills:
 + Level 7.8 Fighting
 + Level 13.0 Axes
 + Level 8.6 Armour
 + Level 2.0 Dodging
 + Level 0.5 Stealth
 + Level 9.1 Shields


You had 9 spell levels left.
You didn't know any spells.
Your spell library contained the following spells:

 Spells                   Type           Power        Failure   Level  Hunger
 Poisonous Vapours        Pois/Air       #.....       100%        2    ###....
 Ozocubu's Armour         Chrm/Ice       #.......     100%        3    ####...
 Spectral Weapon          Hex/Chrm       #.......     100%        3    ####...
 Static Discharge         Conj/Air       #.......     100%        3    ####...
 Summon Lightning Spire   Summ/Air       #.......     100%        4    #####..
 Excruciating Wounds      Chrm/Necr      #.........   100%        5    ######.


Dungeon Overview and Level Annotations

Branches:
Dungeon (10/15)            Temple (0/1) D:4
   Lair: D:8-11         Orc: D:9-12

Altars:
Ashenzari
Cheibriados
Elyvilon
Makhleb
Nemelex Xobeh
Okawaru
Ru
Sif Muna
Vehumet
Wu Jian
Xom
Yredelemnul
Beogh

Shops:
D:7 !   D:9 }

Annotations:
D:3 2 transporters


Innate Abilities, Weirdness & Mutations

You reflexively headbutt those who attack you in melee.
You have a pair of horns on your head.
You are frail. (-10% HP)
Your spells are a little harder to cast, but a little more powerful.


Message History

You hit the death yak.
A rat comes into view.
The death yak gores you!
You hit the death yak but do no damage.
The death yak is heavily wounded.
You hit the death yak. You block the death yak's attack.
The death yak barely misses you. You furiously retaliate!
You headbutt the death yak.
As you read the scroll of teleportation, it crumbles to dust.
You feel strangely unstable.
The death yak gores you but does no damage.
You block the death yak's attack.
You hit the death yak.
The death yak is heavily wounded.
You hit the death yak but do no damage. The death yak gores you!!
* * * LOW HITPOINT WARNING * * *
You fail to use your ability.
The death yak snorts and paws the ground.
The death yak gores you!!
You die...

#........ ..
.........Y.#
#.....#r...#
##.....#cr... #
#........... .#
#.............
#...)...# .#
#...r.###.###..
##<.(rY@Yr....#
##...#########
##..# #..# #..#
####


You could see 2 death yaks, a hell rat, a porcupine and a rat.

Vanquished Creatures
  A death yak (D:8)
  A skeletal warrior (D:7)
  A freezing wraith (D:7)
  The ghost of flt the Ruffian, an amateur TrWr (D:4)
  A hippogriff (D:7)
  4 hogs (D:7)
  A human (D:7)
  A hungry ghost (D:7)
  2 orc warriors
  2 sky beasts
  An ice beast (D:6)
  3 ogres
  6 centaurs
  5 bullfrogs
  A water moccasin skeleton (D:6)
  4 killer bees (D:7)
  A howler monkey (D:7)
  2 wights (D:7)
  5 crimson imps
  A quasit (D:7)
  A bullfrog skeleton (D:7)
  A hound (D:6)
  A centaur skeleton (D:5)
  6 orc priests
  Crazy Yiuf (D:6)
  A gnoll shaman (D:5)
  4 orc wizards
  Natasha (thrice) (D:2)
  Terence (D:3)
  3 worker ants
  A hound zombie (D:5)
  2 worker ant zombies (D:7)
  19 gnolls
  18 adders
  2 river rats (D:5)
  A shadow imp (D:5)
  15 oozes
  An adder skeleton (D:7)
  An adder zombie (D:6)
  4 worms
  2 dart slugs
  10 leopard geckos
  28 orcs
  6 bats
  6 giant cockroaches
  10 goblins
  4 hobgoblins
  8 jackals
  2 quokkas
  6 ball pythons
  19 frilled lizards
  9 kobolds
  A leopard gecko skeleton (D:7)
  A leopard gecko zombie (D:7)
  A quokka skeleton (D:5)
  8 rats
251 creatures vanquished.

Notes
Turn   | Place    | Note
-------+----------+-------------------------------------------
     0 | D:1      | Marnok the Minotaur Fighter began the quest for the Orb.
     0 | D:1      | Reached XP level 1. HP: 19/19 MP: 0/0
    75 | D:1      | Reached XP level 2. HP: 25/27 MP: 1/1
   194 | D:1      | Reached XP level 3. HP: 33/33 MP: 2/2
   759 | D:2      | Noticed Natasha
   781 | D:2      | Killed Natasha
   781 | D:2      | Reached skill level 3 in Axes
   781 | D:2      | Reached XP level 4. HP: 39/41 MP: 3/3
   943 | D:2      | Noticed Natasha
   958 | D:2      | Killed Natasha
   958 | D:2      | Reached skill level 4 in Axes
  1082 | D:2      | Reached skill level 1 in Dodging
  1150 | D:2      | Noticed Natasha
  1155 | D:2      | Killed Natasha
  1155 | D:2      | Reached XP level 5. HP: 45/47 MP: 4/4
  1299 | D:2      | Found a radiant altar of Vehumet.
  1299 | D:2      | Found a white marble altar of Elyvilon.
  1455 | D:3      | Found a transporter.
  1463 | D:3      | Noticed an ogre
  1478 | D:3      | Reached skill level 5 in Axes
  1546 | D:3      | Found a burning altar of Makhleb.
  1639 | D:3      | Noticed Terence
  1646 | D:3      | Killed Terence
  1648 | D:3      | Found an iron altar of Okawaru.
  1783 | D:3      | Found a shattered altar of Ashenzari.
  1831 | D:3      | Found a sacrificial altar of Ru.
  1846 | D:3      | Reached XP level 6. HP: 53/55 MP: 5/5
  1886 | D:3      | Found a transporter.
  2429 | D:4      | Found a staircase to the Ecumenical Temple.
  2571 | D:5      | Entered Level 5 of the Dungeon
  2666 | D:5      | Reached skill level 5 in Fighting
  2729 | D:5      | Reached skill level 6 in Axes
  2739 | D:5      | Found a glowing drain.
  2753 | Sewer    | Entered a sewer
  3056 | Sewer    | Reached skill level 5 in Shields
  3065 | Sewer    | Reached XP level 7. HP: 61/61 MP: 6/6
  3114 | Sewer    | Reached skill level 5 in Armour
  3239 | Sewer    | Gained mutation: You are frail. (-10% HP) [potion of
                  | mutation]
  3239 | Sewer    | Gained mutation: Your spells are a little harder to cast,
                  | but a little more powerful. [potion of mutation]
  3299 | D:5      | Reached skill level 7 in Axes
  3362 | D:6      | Found a sacrificial altar of Ru.
  3679 | D:6      | Found a deep blue altar of Sif Muna.
  3747 | D:6      | Reached XP level 8. HP: 55/62 MP: 7/7
  3753 | D:7      | Found a shimmering altar of Xom.
  3776 | D:6      | Reached skill level 8 in Axes
  3937 | D:10     | Entered Level 10 of the Dungeon
  3940 | D:9      | Found Jingieff's Gadget Emporium.
  4346 | D:7      | Noticed a skeletal warrior
  4346 | D:7      | Noticed a freezing wraith
  4356 | D:7      | Killed a skeletal warrior
  4356 | D:7      | Reached skill level 9 in Axes
  4356 | D:7      | Reached XP level 9. HP: 42/70 MP: 8/8
  4361 | D:7      | Killed a freezing wraith
  4370 | D:7      | Reached skill level 10 in Axes
  4414 | D:7      | Got a faintly humming chain mail
  4418 | D:7      | Identified Ybboguvu's Grimoire of Augmentations and
                  | Feathers
  4694 | D:7      | Reached skill level 11 in Axes
  4780 | D:7      | Found Doudwoe's Distillery.
  4810 | D:7      | Bought a potion of heal wounds for 50 gold pieces
  4810 | D:7      | Bought a potion of curing for 30 gold pieces
  4810 | D:7      | Bought a potion of curing for 30 gold pieces
  4810 | D:7      | Bought a potion of curing for 30 gold pieces
  4810 | D:7      | Identified the +8 chain mail "Nabout" {MR+} (You found it
                  | on level 7 of the Dungeon)
  4835 | D:8      | Noticed a death yak
  4922 | D:7      | Reached XP level 10. HP: 66/77 MP: 9/9
  4924 | D:7      | Reached skill level 12 in Axes
  5050 | D:7      | Found a sparkling altar of Nemelex Xobeh.
  5497 | D:6      | Found a runed door.
  5626 | D:6      | Noticed Crazy Yiuf
  5632 | D:6      | Killed Crazy Yiuf
  5925 | D:5      | Found an ornate altar of the Wu Jian Council.
  6147 | D:4      | Found a runed gate.
  6149 | D:4      | Found a runed gate.
  6150 | D:4      | Found a runed gate.
  6152 | D:4      | Noticed flt's ghost (amateur TrWr)
  6153 | D:4      | Found a roughly hewn altar of Beogh.
  6172 | D:4      | Killed flt's ghost
  6382 | D:4      | Found a snail-covered altar of Cheibriados.
  6543 | D:4      | Found a basalt altar of Yredelemnul.
  7162 | D:8      | Noticed a death yak
  7167 | D:8      | Noticed a death yak
  7175 | D:8      | Killed a death yak
  7175 | D:8      | Reached skill level 13 in Axes
  7187 | D:8      | Mangled by a death yak

Skill      XL: |  1  2  3  4  5  6  7  8  9 10 |
---------------+-------------------------------+-----
Fighting       | 4 5 6 7 |  7.8
Armour         | 4 6 7 8 |  8.6
Axes           | 3 4 5 6 7 9 11 13 | 13.0
Shields        | 4 5 6 7 8 9 |  9.1
Dodging        | 1 2 |  2.0
Stealth        | |  0.5

Action                   |  1- 3 |  4- 6 |  7- 9 | 10-12 || total
-------------------------+-------+-------+-------+-------++-------
Melee: War axe           |    69 |   253 |   203 |   127 ||   652
       Headbutt          |     8 |    24 |    37 |    25 ||    94
  Use: Potion            |     2 |     3 |     3 |     1 ||     9
       Scroll            |     1 |     5 |     8 |     1 ||    15
  Eat: Ration            |       |     2 |     1 |       ||     3
       Chunk             |       |     4 |     8 |     9 ||    21
Armor: Scale mail        |    37 |    42 |       |       ||    79
       Plate armour      |       |   101 |   110 |       ||   211
       Chain mail        |       |       |     7 |    58 ||    65
Dodge: Dodged            |    23 |    83 |    45 |    34 ||   185
Block: Shield            |    33 |   175 |   133 |    82 ||   423
